 Dungeon Crawl Stone Soup version bcrawl-1.21.2-20-g6d45ba5942 (webtiles) character file.

Game seed: 11535015692034821858

347 MisterOstroum the Skirmisher (level 6, 46/48 HPs)
             Began as a Demonspawn Archaeologist on Feb 25, 2020.
             Quit the game on level 3 of the Dungeon.
             The game lasted 00:09:53 (4318 turns).

MisterOstroum the Skirmisher (DsAc)                 Turns: 4318, Time: 00:09:54

Health: 46/48      AC: 11    Str: 13    XL:     6   Next: 33%
Magic:  6/6        EV:  6    Int: 15    God:
Gold:   231        SH:  0    Dex: 12    Spells: 5/5 levels left

rFire    + . .     SeeInvis +   a - +2 dagger (chaos)
rCold    . . .     Gourm    .   (no shield)
rNeg     + . .     Faith    .   l - +0 chain mail (curse)
rPois    .         Spirit   .   (helmet unavailable)
rElec    .         Reflect  .   B - +0 cloak
rCorr    .         Harm     .   (no gloves)
MR       .....                  d - +1 pair of boots
Stlth    ..........             (no amulet)
HPRegen  0.16/turn              n - ring of positive energy
MPRegen  0.10/turn              C - ring of protection from fire

@: mildly poisoned (46 -> 45)
A: antennae 3
a: no special abilities


You were on level 3 of the Dungeon.
You were not hungry.

You visited 1 branch of the dungeon, and saw 3 of its levels.

You collected 231 gold pieces.

Inventory:

Hand Weapons
 a - a +2 dagger of chaos (weapon)
 b - a +0 hunting sling
 f - a +2 double sword of protection
 k - a +0 scimitar
 q - a +0 short sword
Missiles
 c - 67 tomahawks
 j - 211 stones (quivered)
 p - 439 sling bullets
 u - 296 bolts
 v - 88 poisoned needles
 x - 193 arrows
Armour
 d - a +1 pair of boots (worn)
 l - a cursed +0 chain mail (worn)
 w - a +0 ring mail
 B - a +0 cloak (worn)
Jewellery
 n - a ring of positive energy (left hand)
 C - a ring of protection from fire (right hand)
Wands
 t - a wand of polymorph (5)
Scrolls
 g - a scroll of magic mapping {@r5 !r}
 i - a scroll of fear {unknown}
 m - a scroll of immolation {unknown}
 r - a scroll of teleportation {unknown}
Potions
 h - 3 potions of curing {@q1 !q}
 o - a potion of lignification {unknown}
 s - a potion of agility {@q5 !q}
 y - a potion of berserk rage {unknown}
 A - a potion of degeneration {unknown}
Comestibles
 e - 4 rations {!d}
 z - a chunk of flesh


   Skills:
 + Level 3.8 Fighting
 - Level 3.0(3.6) Short Blades
 * Level 2.9(3.6) Long Blades
   Level 1.4 Maces & Flails
 - Level 2.6 Dodging
 - Level 3.0 Stealth


You had 5 spell levels left.
You didn't know any spells.
Your spell library was empty.

Dungeon Overview and Level Annotations

Branches:
Dungeon (3/12)

Altars:

Annotations:
D:1 1 exclusion
D:2 1 runed door, exclusion: door, Sigmund


Innate Abilities, Weirdness & Mutations

You have a pair of large antennae on your head. (SInv)


Message History

You hit the orc but do no damage. Lightning courses through the orc!
You kill the orc!
No target in view!
No target in view!
No target in view!
No target in view!
Some of the chunks of flesh in your inventory have rotted away.
c - 67 tomahawks
Things that are here:
a +0 club; a +0 ring mail You open the door.
An orc comes into view.
The orc shouts!
An adder comes into view.
There are monsters nearby!
An adder comes into view.
The adder hisses angrily.
The adder moves out of view.
There is an open door here.
Wield which item (- for none, * to show all)? (? for menu, Esc to quit)
Okay, then.
Unknown command.
The orc barely misses you.
You hit the orc but do no damage.
The orc is poisoned.
The orc barely misses you.
You hit the orc.
The orc has an odd expression for a moment.
The orc is heavily wounded.
You hit the orc but do no damage.
The orc is severely wounded.
The orc hits you but does no damage.
You completely miss the orc.
The orc is almost dead.
You kill the orc!
The adder barely misses you.
You hit the adder.
The adder seems to slow down.
You freeze the adder.
The adder is lightly wounded.
You hit the adder. You burn the adder.
The adder is heavily wounded.
The adder bites you but does no damage.
Your chain mail prevents you from hitting the adder.
The adder is heavily wounded.
The adder bites you but does no damage.
You miss the adder.
The adder is heavily wounded.
The adder bites you but does no damage.
You hit the adder but do no damage.
The adder is moving more slowly.
The adder is heavily wounded.
The adder is no longer moving slowly.
You hit the adder.
The adder is severely wounded.
The adder bites you but does no damage.
You hit the adder. You drain the adder.
The adder is almost dead.
The adder bites you but does no damage.
You completely miss the adder. You hit the adder but do no damage.
The adder bites you but does no damage.
You hit the adder.
The adder is poisoned.
The adder is moderately wounded.
The adder stops moving altogether!
The adder bites you.
You are poisoned.
The adder poisons you!
You completely miss the adder.
The adder is moderately wounded.
You feel sick. The adder barely misses you.
You hit the adder.
The adder flickers and vanishes for a moment.
The adder is heavily wounded.
The adder bites you but does no damage. x2
You hit the adder.
The adder is almost dead.
The adder bites you but does no damage.
You hit the adder but do no damage.
The adder looks more poisoned.
The adder is almost dead.
You kill the adder!
You feel sick.
There is an open door, spattered with blood here.
Things that are here:
a +0 scale mail; an adder corpse; an orc corpse The helpless adder fails to defend itself.
You impale the adder!!
You kill the adder!
No target in view!
No target in view!
No target in view!
No target in view!
No target in view!
No target in view!
No target in view!
No target in view!
No target in view!
No target in view!
No target in view!
No target in view!
No target in view!
No target in view!
No target in view!
No target in view!
No target in view!
Are you sure you want to abandon this character and quit the game? (Confirm with "yes".)

##.....## ....!.
.........###
...#......#
.........+
........# .......#
#......# { {
#.†....# { { #@# {
#.# #.# #.# ######
#.# .....# #.#
.###.###########.#
.# #.............#
)# ###############


There were no monsters in sight!

Vanquished Creatures
  A wight (D:3)
  A vampire bat (D:3)
  Jessica (D:2)
  Ijyb (D:3)
  3 adders (D:3)
  3 dart slugs
  3 fire bats (D:3)
  8 leopard geckos
  5 orcs
  2 spectral bats (D:3)
  3 bat skeletons (D:3)
  A bat zombie (D:3)
  5 giant cockroaches
  12 hobgoblins
  10 jackals
  15 kobolds
  A quokka (D:3)
  2 ball pythons (D:2)
  15 bats
  A bat simulacrum (D:3)
  3 frilled lizards (D:2)
  4 goblins
  3 rats (D:2)
103 creatures vanquished.

Notes
Turn   | Place    | Note
-------+----------+-------------------------------------------
     0 | D:1      | MisterOstroum the Demonspawn Archaeologist began the quest
                  | for the Orb.
     0 | D:1      | Reached XP level 1. HP: 15/15 MP: 1/1
   209 | D:1      | Reached skill level 1 in Maces & Flails
   271 | D:1      | Gained mutation: You have a pair of small antennae on your
                  | head. [demonic ancestry]
   271 | D:1      | Reached XP level 2. HP: 22/22 MP: 2/2
   610 | D:1      | Reached skill level 1 in Short Blades
   940 | D:1      | Gained mutation: You have a pair of antennae on your head.
                  | [demonic ancestry]
   940 | D:1      | Reached XP level 3. HP: 26/27 MP: 3/3
  1509 | D:2      | Noticed Sigmund
  2426 | D:2      | Reached XP level 4. HP: 32/34 MP: 4/4
  2452 | D:2      | Noticed Jessica
  2500 | D:2      | Killed Jessica
  2992 | D:2      | Found a runed door.
  3271 | D:3      | Noticed Ijyb
  3282 | D:3      | Paralysed by Ijyb for 4 turns
  3309 | D:3      | Killed Ijyb
  3414 | D:3      | Reached XP level 5. HP: 30/40 MP: 5/5
  3414 | D:3      | Identified a scroll of acquirement
  3415 | D:3      | Identified the ring of Faguacay {Str+4 SInv Stlth+} (You
                  | acquired it on level 3 of the Dungeon)
  3575 | D:3      | Reached skill level 1 in Long Blades
  4060 | D:3      | Gained mutation: You have a pair of large antennae on your
                  | head. (SInv) [demonic ancestry]
  4060 | D:3      | Reached XP level 6. HP: 47/47 MP: 6/6
  4318 | D:3      | Quit the game

Skill      XL: |  1  2  3  4  5 |
---------------+----------------+-----
Maces & Flails | 1 |  1.4
Fighting       | 2 3 |  3.8
Short Blades   | 1 2 3 |  3.0
Long Blades    | 2 |  2.9
Dodging        | |  2.6
Stealth        | |  3.0

Action                   |  1- 3 |  4- 6 || total
-------------------------+-------+-------++-------
Melee: Whip              |   107 |       ||   107
       Short sword       |   139 |    75 ||   214
       Unarmed           |       |    18 ||    18
       Dagger            |       |   183 ||   183
       Double sword      |       |     1 ||     1
Throw: Stone             |    25 |    16 ||    41
  Use: Scroll            |     2 |     1 ||     3
       Potion            |       |     1 ||     1
 Stab: Sleeping          |     8 |       ||     8
       Invisible         |       |     2 ||     2
       Petrified         |       |     1 ||     1
  Eat: Chunk             |     5 |     3 ||     8
       Ration            |       |     1 ||     1
Armor: Robe              |    10 |       ||    10
       Leather armour    |    53 |       ||    53
       Chain mail        |    28 |   249 ||   277
       Skin              |       |    15 ||    15
Dodge: Dodged            |   141 |   146 ||   287
